APP
PHILADELPHIA (APP) PHILLIES @ JOHNSON CITY CARDINALS
07/08/2044
 
TOP OF THE 1ST
Philadelphia (APP) Phillies batting - Pitching for Johnson City Cardinals : LHP John Fisher
Pitching: LHP John Fisher
Batting: LHB Matt Urbanek 0-0: Ball
1-0: Called Strike
1-1: Called Strike
1-2: Strikes out swinging
Batting: RHB Gary Sampson 0-0: Swinging Strike
0-1: Swinging Strike
0-2: Strikes out swinging
Batting: RHB Kyle Reilly 0-0: Called Strike
0-1: Foul Ball, location: 2F
0-2: Strikes out swinging
Top of the 1st over - 0 runs, 0 hits, 0 errors, 0 left on base; Philadelphia (APP) 0 - Johnson City 0
BOTTOM OF THE 1ST
Johnson City Cardinals batting - Pitching for Philadelphia (APP) Phillies : LHP Phuck II
Pitching: LHP Phuck II
Batting: RHB Fortunato Fteira 0-0: Called Strike
0-1: Ball
1-1: Swinging Strike
1-2: Strikes out swinging
Batting: RHB Josh Broome 0-0: Ball
1-0: Called Strike
1-1: Ball
2-1: Called Strike
2-2: Strikes out swinging
Batting: SHB Jason Kirby 0-0: Ball
1-0: Called Strike
1-1: Ball
2-1: Swinging Strike
2-2: Fly out, F9 (Flyball, 89M, EV 93.1 MPH)
Bottom of the 1st over - 0 runs, 0 hits, 0 errors, 0 left on base; Philadelphia (APP) 0 - Johnson City 0
TOP OF THE 2ND
Philadelphia (APP) Phillies batting - Pitching for Johnson City Cardinals : LHP John Fisher
Batting: RHB Seung-mun Kim 0-0: Foul Ball, location: 2F
0-1: Swinging Strike
0-2: Ball
1-2: Foul Ball, location: 2F
1-2: Strikes out swinging
Batting: RHB Eduardo Calderon 0-0: Ball
1-0: Foul Ball, location: 2F
1-1: Called Strike
1-2: Ball
2-2: Strikes out swinging
Batting: RHB Vaclav Been 0-0: Called Strike
0-1: Ball
1-1: Ball
2-1: Swinging Strike
2-2: Ball
3-2: Strikes out looking
Top of the 2nd over - 0 runs, 0 hits, 0 errors, 0 left on base; Philadelphia (APP) 0 - Johnson City 0
BOTTOM OF THE 2ND
Johnson City Cardinals batting - Pitching for Philadelphia (APP) Phillies : LHP Phuck II
Batting: RHB Chris Norris 0-0: Ball
1-0: SINGLE (Line Drive, 8RS, EV 98.8 MPH)
Batting: LHB Billy Guzman 0-0: Ball
1-0: Foul Ball, location: 2F
1-1: Foul Ball, location: 2F
1-2: Foul Ball, location: 2F
1-2: Hit by Pitch
Chris Norris to second
Batting: SHB Hank Arias 0-0: Called Strike
0-1: Ball
1-1: Ball
2-1: Called Strike
2-2: Hit by Pitch
Chris Norris to third
Billy Guzman to second
Pinch Runner at 1st Pat Reprogle:
Batting: RHB Mario Mendoza 0-0: Foul Ball, location: 2F
0-1: Ball
1-1: Foul Ball, location: 2F
1-2: Fielders Choice at 2nd, 6-4 (Groundball, 6, EV 106.3 MPH)
Chris Norris scores
Billy Guzman to third
Batting: RHB David Klein 0-0: Called Strike
0-1: Foul Ball, location: 2F
0-2: Strikes out swinging
Batting: RHB Geoff Musico 0-0: Ball
1-0: Ball
2-0: Ball
3-0: Base on Balls
Mario Mendoza to second
Batting: RHB Fortunato Fteira 0-0: Called Strike
0-1: Ball
1-1: Foul Ball, location: 2F
1-2: Foul Ball, location: 2F
1-2: SINGLE (Groundball, 56D, EV 105.6 MPH)
Billy Guzman scores
Mario Mendoza to third
Geoff Musico to second
Runner from 3rd tries for Home, SAFE, throw by LF to home
Batting: RHB Josh Broome 0-0: Ball
1-0: Ball
2-0: Ball
3-0: Base on Balls
Geoff Musico to third
Fortunato Fteira to second
Batting: SHB Jason Kirby 0-0: Called Strike
0-1: Foul Ball, location: 2F
0-2: Ball
1-2: Ball
2-2: Ball
3-2: Base on Balls
Geoff Musico scores
Fortunato Fteira to third
Josh Broome to second
Batting: RHB Chris Norris 0-0: Ball
1-0: Fly out, F8 (Flyball, 8RD, EV 102.5 MPH)
Bottom of the 2nd over - 4 runs, 2 hits, 0 errors, 3 left on base; Philadelphia (APP) 0 - Johnson City 4
TOP OF THE 3RD
Philadelphia (APP) Phillies batting - Pitching for Johnson City Cardinals : LHP John Fisher
Now at 1B: Pat Reprogle
Batting: LHB Eric Farren 0-0: Fly out, F4 (Popup, 4, EV 71.3 MPH)
Batting: RHB Mark Schultz 0-0: Ground out 6-3 (Groundball, 56, EV 103.8 MPH)
Batting: LHB Josh George 0-0: Called Strike
0-1: Called Strike
0-2: Strikes out swinging
Top of the 3rd over - 0 runs, 0 hits, 0 errors, 0 left on base; Philadelphia (APP) 0 - Johnson City 4
BOTTOM OF THE 3RD
Johnson City Cardinals batting - Pitching for Philadelphia (APP) Phillies : LHP Phuck II
Batting: LHB Billy Guzman 0-0: Called Strike
0-1: Foul Ball, location: 2F
0-2: Ball
1-2: Strikes out swinging
Batting: RHB Pat Reprogle 0-0: Ball
1-0: Ground out 6-3 (Groundball, 6, EV 90.0 MPH)
Batting: RHB Mario Mendoza 0-0: Ball
1-0: Swinging Strike
1-1: Foul Ball, location: 2F
1-2: Strikes out swinging
Bottom of the 3rd over - 0 runs, 0 hits, 0 errors, 0 left on base; Philadelphia (APP) 0 - Johnson City 4
TOP OF THE 4TH
Philadelphia (APP) Phillies batting - Pitching for Johnson City Cardinals : LHP John Fisher
Batting: LHB Matt Urbanek 0-0: Ground out 4-3 (Groundball, 4, EV 81.9 MPH)
Batting: RHB Gary Sampson 0-0: Ball
1-0: Ball
2-0: Swinging Strike
2-1: Foul Ball, location: 2F
2-2: Ball
3-2: Base on Balls
Batting: RHB Kyle Reilly 0-0: Ball
1-0: Called Strike
1-1: Fielders Choice at 2nd, 4-6 (Groundball, 34, EV 86.9 MPH)
Batting: RHB Seung-mun Kim 0-0: Ball
1-0: Ball
2-0: Called Strike
2-1: Swinging Strike
2-2: Strikes out swinging
Top of the 4th over - 0 runs, 0 hits, 0 errors, 1 left on base; Philadelphia (APP) 0 - Johnson City 4
BOTTOM OF THE 4TH
Johnson City Cardinals batting - Pitching for Philadelphia (APP) Phillies : LHP Phuck II
Batting: RHB David Klein 0-0: SINGLE (Flyball, 78S, EV 86.3 MPH)
Batting: RHB Geoff Musico 0-0: Ball
1-0: Called Strike
1-1: Foul Ball, location: 2F
1-2: Foul Ball, location: 2F
1-2: Strikes out swinging
Batting: RHB Fortunato Fteira 0-0: Ball
1-0: Called Strike
1-1: Ball
2-1: Ball
3-1: Called Strike
3-2: Foul Ball, location: 2F
3-2: DOUBLE (Line Drive, 89D, EV 103.1 MPH)
David Klein to third
Batting: RHB Josh Broome 0-0: Called Strike
0-1: Ground out 4-3 (Groundball, 4, EV 85.0 MPH)
David Klein scores
Fortunato Fteira to third
Pitching: RHP Danny Zuniga
Batting: SHB Jason Kirby 0-0: Ball
1-0: Ball
2-0: Called Strike
2-1: Foul Ball, location: 2F
2-2: Strikes out looking
Bottom of the 4th over - 1 run, 2 hits, 0 errors, 1 left on base; Philadelphia (APP) 0 - Johnson City 5
TOP OF THE 5TH
Philadelphia (APP) Phillies batting - Pitching for Johnson City Cardinals : LHP John Fisher
Batting: RHB Eduardo Calderon 0-0: Foul Ball, location: 2F
0-1: Fly out, F8 (Flyball, 78D, EV 100.6 MPH)
Batting: RHB Vaclav Been 0-0: Called Strike
0-1: Called Strike
0-2: Strikes out looking
Batting: LHB Eric Farren 0-0: Called Strike
0-1: Ground out 4-3 (Groundball, 4, EV 83.1 MPH)
Top of the 5th over - 0 runs, 0 hits, 0 errors, 0 left on base; Philadelphia (APP) 0 - Johnson City 5
BOTTOM OF THE 5TH
Johnson City Cardinals batting - Pitching for Philadelphia (APP) Phillies : RHP Danny Zuniga
Batting: RHB Chris Norris 0-0: Ball
1-0: Ball
2-0: Ball
3-0: Base on Balls
Batting: LHB Billy Guzman 0-0: Called Strike
0-1: Ball
1-1: Ball
2-1: Ball
3-1: Ground out 4-3 (Groundball, 34D, EV 96.9 MPH)
Chris Norris to second
Batting: RHB Pat Reprogle 0-0: Swinging Strike
0-1: Ball
1-1: Swinging Strike
1-2: Fly out, F8 (Flyball, 78S, EV 90.6 MPH)
Batting: RHB Mario Mendoza 0-0: SINGLE (Flyball, 89S, EV 83.8 MPH)
Chris Norris to third
Runner from 3rd tries for Home, SAFE, throw by RF to home
Batting: RHB David Klein 0-0: Called Strike
Mario Mendoza is caught stealing 2nd base 2-4
Bottom of the 5th over - 1 run, 1 hit, 0 errors, 0 left on base; Philadelphia (APP) 0 - Johnson City 6
TOP OF THE 6TH
Philadelphia (APP) Phillies batting - Pitching for Johnson City Cardinals : LHP John Fisher
Batting: RHB Mark Schultz 0-0: Ball
1-0: Ball
2-0: Foul Ball, location: 2F
2-1: Ball
3-1: Base on Balls
Batting: LHB Josh George 0-0: Foul Ball, location: 2F
0-1: Fly out, F8 (Flyball, 89M, EV 87.5 MPH)
Batting: LHB Matt Urbanek 0-0: Called Strike
0-1: Foul Ball, location: 2F
0-2: Strikes out looking
Batting: RHB Gary Sampson 0-0: Ball
1-0: Called Strike
1-1: Swinging Strike
1-2: Foul Ball, location: 2F
1-2: Ball
Mark Schultz steals 2nd base
2-2: 2-RUN HOME RUN (Flyball, 78XD, EV 107.5 MPH) (Inside the Park)
Batting: RHB Kyle Reilly 0-0: Foul Ball, location: 2F
0-1: Ball
1-1: Ground out 6-3 (Groundball, 6, EV 86.3 MPH)
Top of the 6th over - 2 runs, 1 hit, 0 errors, 0 left on base; Philadelphia (APP) 2 - Johnson City 6
BOTTOM OF THE 6TH
Johnson City Cardinals batting - Pitching for Philadelphia (APP) Phillies : RHP Danny Zuniga
Batting: RHB David Klein 0-0: Ball
1-0: Called Strike
1-1: Called Strike
1-2: Ball
2-2: Ball
3-2: Strikes out swinging
Batting: RHB Geoff Musico 0-0: Ball
1-0: Ball
2-0: Foul Ball, location: 2F
2-1: Foul Ball, location: 2F
2-2: Strikes out swinging
Batting: RHB Fortunato Fteira 0-0: Called Strike
0-1: Foul Ball, location: 2F
0-2: Foul Ball, location: 2F
0-2: Foul Ball, location: 2F
0-2: Ball
1-2: Foul Ball, location: 2F
1-2: Foul Ball, location: 2F
1-2: Foul Ball, location: 2F
1-2: Foul Ball, location: 2F
1-2: Foul Ball, location: 2F
1-2: Ball
2-2: Ball
3-2: Foul Ball, location: 2F
3-2: Foul Ball, location: 2F
3-2: TRIPLE (Flyball, 9LD, EV 97.5 MPH)
Pitching: RHP Georgs Felitti
Batting: RHB Josh Broome 0-0: Fly out, F7 (Flyball, 7, EV 90.0 MPH)
Bottom of the 6th over - 0 runs, 1 hit, 0 errors, 1 left on base; Philadelphia (APP) 2 - Johnson City 6
TOP OF THE 7TH
Philadelphia (APP) Phillies batting - Pitching for Johnson City Cardinals : LHP John Fisher
Batting: RHB Seung-mun Kim 0-0: Called Strike
0-1: Swinging Strike
0-2: Fly out, F8 (Flyball, 78D, EV 93.1 MPH)
Pitching: RHP Joe Cornell
Batting: RHB Eduardo Calderon 0-0: Foul Ball, location: 2F
0-1: Swinging Strike
0-2: Reached on error, E5 (Groundball, 56, EV 104.4 MPH)
Batting: RHB Vaclav Been 0-0: Foul Ball, location: 2F
0-1: Ball
1-1: Ball
2-1: Swinging Strike
2-2: Fielders Choice at 2nd, 4-6 (Groundball, 4, EV 100.0 MPH)
Batting: LHB Eric Farren 0-0: Swinging Strike
0-1: Ball
1-1: Ground out 6-3 (Groundball, P, EV 81.3 MPH)
Top of the 7th over - 0 runs, 0 hits, 1 error, 1 left on base; Philadelphia (APP) 2 - Johnson City 6
BOTTOM OF THE 7TH
Johnson City Cardinals batting - Pitching for Philadelphia (APP) Phillies : RHP Georgs Felitti
Pitching: RHP Dustin Greaves
Batting: SHB Jason Kirby 0-0: Ball
1-0: Called Strike
1-1: Ball
2-1: Called Strike
2-2: DOUBLE (Groundball, 3L, EV 93.8 MPH)
Batting: RHB Chris Norris 0-0: Foul Ball, location: 2F
0-1: Swinging Strike
0-2: Ball
1-2: Foul Ball, location: 2F
1-2: Ball
2-2: Ball
3-2: Foul Ball, location: 2F
3-2: Strikes out swinging
Batting: LHB Billy Guzman 0-0: Ball
1-0: Ground out 5-3 (Groundball, 5, EV 86.3 MPH)
Batting: RHB Pat Reprogle 0-0: Foul Ball, location: 2F
0-1: Swinging Strike
0-2: Strikes out swinging
Bottom of the 7th over - 0 runs, 1 hit, 0 errors, 1 left on base; Philadelphia (APP) 2 - Johnson City 6
TOP OF THE 8TH
Philadelphia (APP) Phillies batting - Pitching for Johnson City Cardinals : RHP Joe Cornell
Now at 3B: Austin Akers
Batting: RHB Mark Schultz 0-0: Called Strike
0-1: Foul Ball, location: 2F
0-2: Foul Ball, location: 2F
0-2: Foul Ball, location: 2F
0-2: Ball
1-2: Strikes out swinging
Batting: LHB Josh George 0-0: Ball
1-0: Called Strike
1-1: Swinging Strike
1-2: Strikes out swinging
Batting: LHB Matt Urbanek 0-0: Ball
1-0: Ball
2-0: Foul Ball, location: 2F
2-1: TRIPLE (Groundball, 3L, EV 101.3 MPH)
Batting: RHB Gary Sampson 0-0: Foul Ball, location: 2F
0-1: Ball
1-1: Ball
2-1: Swinging Strike
2-2: Foul Ball, location: 2F
2-2: Foul Ball, location: 2F
2-2: Ball
3-2: Strikes out swinging
Top of the 8th over - 0 runs, 1 hit, 0 errors, 1 left on base; Philadelphia (APP) 2 - Johnson City 6
BOTTOM OF THE 8TH
Johnson City Cardinals batting - Pitching for Philadelphia (APP) Phillies : RHP Dustin Greaves
Pitching: RHP Andy Burchfield
Batting: RHB Mario Mendoza 0-0: Called Strike
0-1: Ball
1-1: Foul Ball, location: 2F
1-2: Fly out, F7 (Flyball, 7LM, EV 91.9 MPH)
Batting: RHB David Klein 0-0: Foul Ball, location: 2F
0-1: SINGLE (Groundball, 34D, EV 100.0 MPH)
Batting: RHB Geoff Musico 0-0: Ball
1-0: Ball
2-0: Ball
David Klein is caught stealing 2nd base 2-4
3-0: Called Strike
3-1: Foul Ball, location: 2F
3-2: Fly out, F8 (Flyball, 8RM, EV 87.5 MPH)
Bottom of the 8th over - 0 runs, 1 hit, 0 errors, 0 left on base; Philadelphia (APP) 2 - Johnson City 6
TOP OF THE 9TH
Philadelphia (APP) Phillies batting - Pitching for Johnson City Cardinals : RHP Joe Cornell
Pitching: LHP Carlos Salcido
Batting: RHB Kyle Reilly 0-0: Ball
1-0: Called Strike
1-1: Swinging Strike
1-2: Ball
2-2: Strikes out looking
Batting: RHB Seung-mun Kim 0-0: Called Strike
0-1: Ground out 6-3 (Groundball, 6MD, EV 98.1 MPH)
Batting: RHB Eduardo Calderon 0-0: Hit by Pitch
Batting: RHB Vaclav Been 0-0: Called Strike
0-1: Called Strike
0-2: Ball
1-2: Ball
2-2: Strikes out swinging
Top of the 9th over - 0 runs, 0 hits, 0 errors, 1 left on base; Philadelphia (APP) 2 - Johnson City 6
Thursday, March 31st , 2022 - OOTP Baseball 22.12 Build 89